 Dungeon Crawl Stone Soup version 0.26.1-2-gb8aa6d0cf2 (webtiles) character file.

Game seed: 18160301157062315925

2450 McKennaii the Thaumaturge (level 9, 0/46 HPs)
             Began as a Deep Elf Conjurer on Feb 14, 2021.
             Was a Follower of Vehumet.
             Slain by a two-headed ogre
             ... wielding a +0 giant club
              (16 damage)
             ... on level 8 of the Dungeon.
             The game lasted 00:15:55 (10207 turns).

McKennaii the Thaumaturge (Deep Elf Conjurer)      Turns: 10207, Time: 00:15:56

Health: 0/46       AC:  3    Str:  4    XL:     9   Next: 25%
Magic:  26/26      EV: 15    Int: 27    God:    Vehumet [*.....]
Gold:   469        SH:  0    Dex: 19    Spells: 21/30 levels left

rFire    . . .     SeeInvis .   (no weapon)
rCold    . . .     Faith    .   (no shield)
rNeg     . . .     Spirit   .   a - +0 robe
rPois    +         Reflect  .   d - +0 helmet
rElec    .         Harm     .   (no cloak)
rCorr    .         Rampage  .   (no gloves)
Will     .....                  (no boots)
Stlth    +++.......             (no amulet)
HPRegen  0.15/turn              i - ring of poison resistance
MPRegen  0.20/turn              y - +6 ring of dexterity

@: no status effects
A: no striking features
a: Renounce Religion


You were on level 8 of the Dungeon.
You worshipped Vehumet.
Vehumet was aware of your devotion.
You visited 2 branches of the dungeon, and saw 9 of its levels.

You collected 469 gold pieces.

Inventory:

Armour
 a - a +0 robe (worn)
 d - a +0 helmet (worn)
 e - a +1 buckler of protection
 p - a +0 helmet
Jewellery
 i - a ring of poison resistance (left hand)
 j - a +6 ring of strength
 y - a +6 ring of dexterity (right hand)
Wands
 g - a wand of flame (21)
 n - a wand of acid (9)
 o - a wand of enslavement (5)
 t - a wand of paralysis (3)
 A - a wand of polymorph (12)
 B - a wand of random effects (29)
Scrolls
 b - a scroll of enchant weapon {unknown}
 f - 2 scrolls of identify
 h - 2 scrolls of fog {unknown}
 q - 3 scrolls of remove curse
 w - a scroll of immolation {unknown}
Potions
 c - 3 potions of flight
 k - a potion of brilliance
 l - a potion of cancellation
 m - 2 potions of haste {unknown}
 r - a potion of might {unknown}
 s - 4 potions of curing {unknown}
 u - a potion of invisibility {unknown}
 v - 2 potions of degeneration {unknown}
 x - a potion of heal wounds
 z - 2 potions of attraction {unknown}


   Skills:
 + Level 0.7 Fighting
 + Level 4.1 Dodging
 + Level 3.9 Stealth
 * Level 11.4 Spellcasting
 * Level 9.6 Conjurations
 + Level 0.4 Hexes
 + Level 2.1 Translocations
 + Level 0.1 Evocations


You had 21 spell levels left.
You knew the following spells:

 Your Spells              Type           Power        Failure   Level
a - Magic Dart            Conj           100%         1%          1
b - Fulminant Prism       Conj/Hex       21%          4%          4
c - Iskenderun's Mystic   Conj/Tloc      47%          3%          4

Your spell library contained the following spells:

 Spells                   Type           Power        Failure   Level
 Freeze                   Ice            60%          3%          1
 Searing Ray              Conj           100%         1%          2
 Dazzling Flash           Conj/Hex       84%          1%          3
 Beastly Appendage        Tmut           30%          3%          1
 Corona                   Hex            18%          3%          1
 Ensorcelled Hibernation  Hex/Ice        32%          5%          2
 Wereblood                Tmut           15%          5%          2
 Confusing Touch          Hex            17%          10%         3
 Tukima's Dance           Hex            17%          10%         3
 Spider Form              Tmut/Pois      7%           11%         3
 Ice Form                 Ice/Tmut       15%          36%         4
 Blade Hands              Tmut           7%           71%         5


Dungeon Overview and Level Annotations

Branches:
Dungeon (8/15)             Temple (1/1) D:6
   Lair: D:8-11

Altars:
Ashenzari
Cheibriados
Elyvilon
Fedhas
Gozag
Hepliaklqana
Kikubaaqudgha
Makhleb
Nemelex Xobeh
Okawaru
Qazlal
Ru
Trog
Uskayaw
Vehumet
Wu Jian
Xom
Zin
The Shining One

Shops:
D:5 (   D:6 [

Portals:
Abyss: D:6

Annotations:
D:6 2 transporters, ig87's ghost, novice FoFi
D:8 Harold


Message History

Done exploring.
Done exploring.
Done exploring.
(D) Dungeon (T) Temple
Where to? (Enter - D:7 @ (x,y), ? - help)
Okay, then.
Unknown command.
(D) Dungeon (T) Temple
Where to? (Enter - D:7 @ (x,y), ? - help)
What level of the Dungeon? (default 1, ? - help)
Things that are here:
a +0 hunting sling; a +0 flail; a +0 leather armour You see here a +0 hand axe.
Things that are here:
a +0 chain mail; a cursed -3 short sword
There is a stone staircase leading down here.
You climb downwards.
Level annotation: Harold The two-headed ogre hits you with a +0 giant club! x3
You die...

#.# #.# #.# #.#
#.# #.# #.#
#.#### #.#
.....#####.#####
#.##.........O@#
#.##..####.#####
#.##..####.#
#..O.......#
#.##..####.#
#.##..# #.#
....##..# #.#
@##.##..# #.#
#.##..# #.#


You could see a two-headed ogre.

Vanquished Creatures
  Maggie (D:7)
  Grinder (D:5)
  Duvessa (D:7)
  An orc warrior (D:6)
  A black bear (D:7)
  6 ogres
  A centaur (D:5)
  A lemure (D:8)
  A big kobold (D:7)
  3 bullfrogs
  Dowan (D:7)
  A scorpion (D:8)
  A centaur zombie (D:5)
  A bullfrog zombie (D:7)
  A quasit (D:7)
  3 hounds
  An orc wizard (D:3)
  A gnoll shaman (D:6)
  2 iguanas
  Natasha (D:3)
  3 worker ants
  A hound skeleton (D:4)
  A worker ant zombie (D:7)
  9 gnolls
  12 adders
  2 ufetubi
  An ooze (D:5)
  An adder skeleton (D:4)
  An adder zombie (D:7)
  2 dart slugs
  3 worms
  6 leopard geckos
  10 orcs
  3 giant cockroaches
  8 goblins
  7 hobgoblins
  5 jackals
  15 kobolds
  3 quokkas
  11 bats
  5 frilled lizards
  A quokka zombie (D:7)
  6 rats
146 creatures vanquished.

Vanquished Creatures (collateral kills)
  An orc (D:6)
1 creature vanquished.

Vanquished Creatures (others)
  4 fulminant prisms
  A plant (D:8)
5 creatures vanquished.

Grand Total: 152 creatures vanquished

Notes
Turn   | Place    | Note
-------+----------+-------------------------------------------
     0 | D:1      | McKennaii the Deep Elf Conjurer began the quest for the
                  | Orb.
     0 | D:1      | Reached XP level 1. HP: 10/10 MP: 6/6
   290 | D:1      | Reached XP level 2. HP: 4/15 MP: 2/8
  1234 | D:2      | Reached skill level 5 in Conjurations
  1361 | D:2      | Reached XP level 3. HP: 19/19 MP: 6/9
  1965 | D:2      | Reached XP level 4. HP: 24/24 MP: 8/11
  2094 | D:2      | Found a hide-covered altar of Uskayaw.
  2209 | D:3      | Reached skill level 4 in Spellcasting
  2435 | D:3      | Reached XP level 5. HP: 28/28 MP: 4/13
  3078 | D:3      | Noticed Natasha
  3105 | D:3      | Killed Natasha
  3106 | D:3      | Reached skill level 5 in Spellcasting
  3570 | D:4      | Noticed an ogre
  3576 | D:4      | Killed an ogre
  3577 | D:4      | Reached XP level 6. HP: 32/32 MP: 8/16
  3789 | D:4      | Reached skill level 6 in Spellcasting
  4655 | D:5      | Entered Level 5 of the Dungeon
  4877 | D:5      | Reached skill level 7 in Spellcasting
  4877 | D:5      | Reached XP level 7. HP: 18/36 MP: 7/19
  5145 | D:5      | Found Hairunae's Antique Weapon Shop.
  5539 | D:5      | Reached skill level 8 in Spellcasting
  5558 | D:5      | You fall into a shaft and drop 2 floors!
  5676 | D:6      | Found a stormy altar of Qazlal.
  5709 | D:6      | Found Byinoogo's Armour Shop.
  5725 | D:6      | Found a transporter.
  5725 | D:6      | Found a transporter.
  5726 | D:6      | Noticed a thrashing horror
  5734 | D:6      | Found a one-way gate to the infinite horrors of the Abyss.
  5734 | D:6      | Noticed ig87's ghost (novice FoFi)
  6179 | D:5      | Found an opulent altar of Gozag.
  6276 | D:5      | Found a snail-covered altar of Cheibriados.
  6388 | D:5      | Noticed Grinder
  6409 | D:5      | Killed Grinder
  6410 | D:5      | Reached skill level 9 in Spellcasting
  6410 | D:5      | Reached XP level 8. HP: 41/41 MP: 12/23
  6415 | D:5      | Learned a level 4 spell: Fulminant Prism
  6420 | D:5      | Learned a level 4 spell: Iskenderun's Mystic Blast
  6649 | D:6      | Found a sparkling altar of Nemelex Xobeh.
  6931 | D:6      | Found a staircase to the Ecumenical Temple.
  6942 | Temple   | Entered the Ecumenical Temple
  6954 | Temple   | Became a worshipper of Vehumet
  8174 | D:7      | Noticed Duvessa
  8196 | D:7      | Killed Duvessa
  8274 | D:7      | Noticed Dowan
  8286 | D:7      | Killed Dowan
  8287 | D:7      | Reached skill level 10 in Spellcasting
  8298 | D:7      | Noticed Maggie
  8931 | D:7      | Reached skill level 1 in Translocations
  8934 | D:7      | Reached XP level 9. HP: 28/46 MP: 8/25
  9476 | D:7      | Reached skill level 11 in Spellcasting
  9593 | D:8      | Noticed Harold
  9623 | D:8      | Noticed a two-headed ogre
  9804 | D:7      | Killed Maggie
  9832 | D:7      | Reached * piety under Vehumet
  9832 | D:7      | Offered knowledge of Freeze by Vehumet.
  9981 | D:7      | Found a shimmering altar of Xom.
 10207 | D:8      | Slain by a two-headed ogre

Illustrated notes

Levels and vault maps discovered:
D:1:      lemuel_arrival_funnel, layout_loops_ring, roderic_serpentine_path,
          minmay_tetromino_i4
D:2:      layout_basic, old_standard_altar
D:3:      layout_basic, uniq_natasha
D:4:      layout_loops_ring, serial_glass, glass_columns_c, glass_columns_a,
          grunt_ministairs_3
D:5:      layout_basic, amethyst_overflow_temple_binary, serial_shops, shop,
          uniq_grinder
D:6:      layout_loops_ring, nicolae_overflow_crystal_walls,
          lemuel_crystal_altar, minmay_temple_entry_antechambers,
          gammafunk_ghost_abyssal_escape, serial_shops, shop
D:7:      layout_basic, tgw_xom, uniq_maggie, uniq_duvessa
D:8:      minmay_bloctagon_deflated, layout_basic, erik_lair_orcish_takeover,
          evilmike_ruin_ashenzari, uniq_pikel, uniq_harold
Temple:   nicolae_temple_x_marks_the_god

Skill      XL: |  1  2  3  4  5  6  7  8  9 |
---------------+----------------------------+-----
Conjurations   | 5 6 7 8 9 |  9.6
Spellcasting   | 4 5 7 9 10 11 | 11.4
Stealth        | 3 |  3.9
Dodging        | 3 4 |  4.1
Translocations | 1 2 |  2.1
Fighting       | |  0.7
Hexes          | |  0.4
Evocations     | |  0.1

Action                   |  1- 3 |  4- 6 |  7- 9 || total
-------------------------+-------+-------+-------++-------
Melee: Unarmed           |    13 |       |       ||    13
 Cast: Magic Dart        |    65 |   134 |   308 ||   507
       Iskenderun's Myst |       |       |     8 ||     8
       Fulminant Prism   |       |       |     4 ||     4
Evoke: Wand              |       |       |     3 ||     3
  Use: Scroll            |       |       |    10 ||    10
 Stab: Sleeping          |     1 |       |       ||     1
Armor: Robe              |     3 |     3 |    10 ||    16
Dodge: Dodged            |    21 |    16 |    75 ||   112
